 Dungeon Crawl Stone Soup version 0.31.0-12-g77e489cdc1 (webtiles) character file.

Game seed: 8055849070968827109

6 Gadfly the Apothecary (level 2, 0/21 HPs)
             Began as a Djinni Summoner on Feb 15, 2024.
             Slain by a rat (3 damage)
             ... on level 1 of the Dungeon.
             The game lasted 00:01:18 (246 turns).

Gadfly the Apothecary (Djinni Summoner)              Turns: 246, Time: 00:01:19

Health: 0/21       AC:  2    Str:  7    XL:     2   Next: 0%
Gold:   17         EV: 12    Int: 16    God:
                   SH:  0    Dex: 13

rFire   + + .        d - +0 mace
rCold   x . .        (no shield)
rNeg    . . .        a - +0 robe
rPois   ∞            (no helmet)
rElec   .            (no cloak)
rCorr   .            (no gloves)
SInv    .            (boots unavailable)
Will    .....        (no amulet)
Stlth   ++           (no ring)
HPRegen 0.23/turn    (no ring)
MPRegen 0.00/turn

%: infuse magic (-1 HP)
@: flying
A: sickness immunity, fire resistance 2, cold vulnerability 1, float, innate
caster, HP casting, extra vitality 1
a: no special abilities


You were on level 1 of the Dungeon.
You visited 1 branch of the dungeon, and saw 1 of its levels.

You collected 17 gold pieces.

Inventory:

Hand Weapons
 d - a +0 mace (weapon)
Armour
 a - a +0 robe (worn)
Scrolls
 b - a scroll of identify {unknown}
Potions
 c - a potion of might {unknown}


   Skills:
 + Level 0.0 Fighting
 + Level 2.1 Dodging
 - Level 1.5 Stealth
 + Level 3.5 Spellcasting
 + Level 3.5 Conjurations
 + Level 3.5 Hexes
   Level 0.0 Charms
 + Level 3.5 Summonings
 + Level 3.5 Necromancy
 + Level 3.5 Translocations
   Level 0.0 Transmutations
 + Level 3.5 Fire Magic
 + Level 3.5 Ice Magic
 + Level 3.5 Air Magic
 + Level 3.5 Earth Magic
 + Level 3.5 Alchemy
 * Level 0.0 Evocations


You knew the following spells:

 Your Spells              Type           Power      Damage    Failure   Level
a - Summon Small Mammal   Summ           56%        N/A       4%          1
b - Call Imp              Summ           28%        N/A       6%          2
c - Call Canine Familiar  Summ           14%        N/A       12%         3
d - Summon Blazeheart Go  Fire/Summ      14%        N/A       38%         4
e - Summon Lightning Spi  Summ/Air       14%        N/A       38%         4
Your spell library was empty.

Dungeon Overview and Level Annotations

Branches:
Dungeon (1/15)

Altars:


Innate Abilities, Weirdness & Mutations

You are immune to sickness and miasma.
You are immune to poison.
Your flesh is very heat resistant. (rF++)
You are vulnerable to cold. (rC-)
You float through the air rather than walking.
You learn spells naturally, not from books.
Your magical power is your life essence.
You have superior vitality. (+4 MHP)


Message History

You closely miss the quokka. The quokka misses you.
Your rat completely misses the quokka.
The quokka bites you.
Your rat barely misses the quokka.
You hit the quokka.
The quokka is almost dead.
The quokka closely misses you.
Your rat bites the quokka but does no damage.
You miss the quokka.
The quokka is almost dead.
The quokka bites you but does no damage.
Your rat closely misses the quokka.
The quokka closely misses you.
You hit the quokka.
You kill the quokka!
Your rat bites the hobgoblin but does no damage.
The hobgoblin hits you.
* * * LOW HITPOINT WARNING * * *
Your rat barely misses the hobgoblin.
You hit the hobgoblin but do no damage.
The hobgoblin is moderately wounded.
The hobgoblin barely misses you.
Your rat bites the hobgoblin but does no damage.
You closely miss the hobgoblin.
The hobgoblin is moderately wounded.
The hobgoblin closely misses you.
Your rat bites the hobgoblin but does no damage.
The hobgoblin misses you.
Your rat bites the hobgoblin but does no damage.
Unknown command.
You hit the hobgoblin.
You kill the hobgoblin!
The rat bites your rat.
Your rat dies!
Your rat's corpse disappears in a puff of smoke!
You have reached level 2!
Casting: Summon Small Mammal (safe; 4% risk of failure)
Confirm with . or Enter, or press ? or * to list all spells.
* * * LOW HITPOINT WARNING * * *
Unknown command.
You hit the rat but do no damage. The rat bites you.
You die...

##............#
..................##
............)...(...
........#.......♣
........#......♣#
........#......♣
........#.)....♣#
.......r#.......♣♣♣.♣ ♣♣
#...@r..........♣ ♣.
.....####.......♣♣♣.♣.
... .## #.##...♣# ♣.♣ .
..##......♣ ♣.♣
..#..###.♣# #♣.♣#
#.#..###..♣♣♣...♣♣ ..#
##.#...............
.....##(.................
#..†............†.....


You could see a rat (ally target) and a friendly rat (summoned).

Vanquished Creatures
  A hobgoblin (D:1)
  A quokka (D:1)
  A kobold (D:1)
  2 rats (D:1)
5 creatures vanquished.

Vanquished Creatures (collateral kills)
  A hobgoblin (D:1)
1 creature vanquished.

Grand Total: 6 creatures vanquished

Notes
Turn   | Place    | Note
-------+----------+-------------------------------------------
     0 | D:1      | Gadfly the Djinni Summoner began the quest for the Orb.
     0 | D:1      | Gadfly set off with the following spells memorised: Summon
                  | Small Mammal, Call Imp, Call Canine Familiar, Summon
                  | Blazeheart Golem, Summon Lightning Spire.
     0 | D:1      | Reached XP level 1. HP: 15/15 MP: 0/0
   245 | D:1      | Reached XP level 2. HP: 4/21 MP: 0/0
   246 | D:1      | Slain by a rat

Illustrated notes

Levels and vault maps discovered:
D:1:      dpeg_arrival_snail, layout_rooms, minmay_stone_trees_medium,
          minmay_unequal

Action                     || total
---------------------------++-------
  Melee: Mace              ||    28
         Unarmed           ||    17
   Cast: Summon Small Mamm ||     3
 Armour: Robe              ||    27
  Dodge: Dodged            ||    42
